AoeStats
← natkhattj

Arabian Desert

510281605Analyzed
1v1 RM · 1d ago on Sep 30, 2026· 35m 33s· 2 players
Game mode
Random Map
Map size
Tiny (2 player)
Population
200
Speed
Normal
Resources
Standard
Victory
Conquest
Starting age
Dark Age
Ending age
Imperial Age
RankedLock teamsTeams togetherTeam positionsShared explorationLock speedFull tech treeHidden civsTurbo modeCheats
Victory
Defeat
🇰🇷 Danes · South Korea
1399
+17
🇮🇳 Poles · India
1427
-17
schutz
7:42 Loom
10:06 Feudal Age
10:06 Man-at-Arms
10:43 Double-Bit Axe
10:55 Horse Collar
13:21 Arson
16:48 Scale Mail Armor
22:27 Castle Age
21:08 Forging
21:51 Fletching
22:48 Padded Archer Armor
23:34 Gambesons
25:03 Wheelbarrow
25:02 Chain Mail Armor
26:04 Squires
27:18 Iron Casting
27:32 Heavy Plow
29:05 Town Watch
29:23 Gold Mining
natkhattj
6:49 Loom
9:04 Feudal Age
9:47 Horse Collar
9:52 Double-Bit Axe
18:14 Fletching
25:17 Castle Age
24:02 Padded Archer Armor
26:50 Bodkin Arrow
29:05 Heavy Plow
29:15 Bow Saw
34:15 Ballistics
Connection lost

Rejoining the realm…

Still unreachable

The connection could not be restored.

Session expired

The server has moved on; the page needs a fresh start.